 Dungeon Crawl Stone Soup version 0.31.0-32-g396128a36d (webtiles) character file.

Game seed: 1761024840603203135

67 bob3 the Shield-Bearer (level 4, 0/37 HPs)
             Began as a Formicid Fighter on Mar 14, 2024.
             Slain by a gnoll
             ... wielding a +2 flail of holy wrath
              (8 damage)
             ... on level 2 of the Dungeon.
             The game lasted 00:03:43 (1167 turns).

bob3 the Shield-Bearer (Formicid Fighter)           Turns: 1167, Time: 00:03:44

Health: 0/37       AC:  7    Str: 23    XL:     4   Next: 40%
Magic:  4/4        EV:  9    Int:  7    God:
Gold:   71         SH:  5    Dex: 13    Spells: 3/3 levels left

rFire   . . .        a - +0 trident
rCold   . . .        c - +0 buckler
rNeg    . . .        b - +0 scale mail
rPois   .            (helmet unavailable)
rElec   .            (no cloak)
rCorr   .            (no gloves)
SInv    +            (no boots)
Will    .....        (no amulet) Stlth
                     (no ring)
HPRegen 0.26/turn    (no ring)
MPRegen 0.09/turn

%: no passive effects
@: no status effects
A: permanent stasis, dig shafts and tunnels, antennae 3, four strong arms
a: Dig, Shaft Self


You were on level 2 of the Dungeon.
You visited 1 branch of the dungeon, and saw 3 of its levels.

You collected 71 gold pieces.

Inventory:

Hand Weapons
 a - a +0 trident (weapon)
Armour
 b - a +0 scale mail (worn)
 c - a +0 buckler (worn)
Scrolls
 d - a scroll of amnesia {unknown}
Potions
 e - a potion of heal wounds {unknown}
 f - 2 potions of might


   Skills:
 + Level 3.6 Fighting
 + Level 2.5 Polearms
 + Level 4.0 Armour
 + Level 0.8 Dodging
 + Level 0.7 Stealth
 + Level 4.5 Shields


You had 3 spell levels left.
You didn't know any spells.
Your spell library contained the following spells:

 Spells                   Type           Power      Damage    Failure   Level
 Magic Dart               Conj           0%         1d3       80%         1
 Call Imp                 Summ           0%         N/A       91%         2
 Sublimation of Blood     Necr           0%         N/A       91%         2
 Summon Hydra             Summ           0%         N/A       100%        7
 Blink                    Tloc           Unusable   N/A       N/A         2

Dungeon Overview and Level Annotations

Branches:
Dungeon (3/15)

Altars:
Dithmenos


Innate Abilities, Weirdness & Mutations

You cannot be hasted, slowed, berserked, paralysed or teleported.
You can dig through walls and to a lower floor.
You have a pair of large antennae on your head. (SInv)
Your four strong arms can wield two-handed weapons with a shield.


Message History

A rat is nearby!
A rat is nearby!
The rat squeaks loudly.
You block the rat's attack. The rat closely misses you.
You hit the rat.
You kill the rat!
The gnoll shouts!
You hear a shout! x3
There is a stone staircase leading down here.
The gnoll shouts!
The gnoll closely misses you.
You barely miss the gnoll. The gnoll hits you with a +0 flail!
You block the gnoll's attack.
You puncture the gnoll!
The gnoll is severely wounded.
The gnoll hits you with a +0 flail. The gnoll barely misses you.
You hit the gnoll.
You kill the gnoll!
The gnoll hits you but does no damage. The gnoll barely misses you.
The gnoll hits you with a +0 club.
The gnoll hits you from afar with a +0 halberd!
The gnoll hits you but does no damage.
Things that are here:
a +0 flail; a gnoll corpse You hit the gnoll.
The gnoll is lightly wounded.
You block the gnoll's attack. The gnoll hits you but does no damage.
The gnoll closely misses you. The gnoll barely misses you. x3
You block the gnoll's attack. The gnoll closely misses you.
The gnoll hits you from afar with a +0 halberd.
* * * LOW HITPOINT WARNING * * *
Things that are here:
a +0 flail; a gnoll corpse The gnoll hits you with a +0 club.
* * * LOW HITPOINT WARNING * * *
The gnoll closely misses you. x2
The gnoll attacks as it pursues you!
The gnoll hits you with a +2 flail of holy wrath!
You die...

#.........#.....#......
#.........#............
#.............#.#######
#.............#......##
#...)..#......######.##
#.............##...#.##
######.####÷####.#.#.##
#>..........#<#.##
##########@####.###......##
#........gg# #(##.......##
#........).# #.##.#.##....
#........g÷# #.##.#...###.
#..........# #.##.#.#.# ##
#..........# #.##.#.#.#
#.......>..# #.##.###.#
#.....|...## #.##.. ..#
#.........# ### ###


You could see 3 gnolls.

Vanquished Creatures
  An adder (D:2)
  A gnoll (D:2)
  A ribbon worm (D:2)
  3 bats (D:1)
  4 endoplasms (D:1)
  2 giant cockroaches
  3 hobgoblins
  5 jackals (D:1)
  A quokka (D:1)
  5 ball pythons
  5 frilled lizards
  4 goblins (D:1)
  4 kobolds
  6 rats
45 creatures vanquished.

Notes
Turn   | Place    | Note
-------+----------+-------------------------------------------
     0 | D:1      | bob3 the Formicid Fighter began the quest for the Orb.
     0 | D:1      | Reached XP level 1. HP: 18/18 MP: 1/1
    33 | D:1      | Reached XP level 2. HP: 4/24 MP: 2/2
   416 | D:1      | Reached XP level 3. HP: 26/29 MP: 3/3
   926 | D:2      | Found a shadowy altar of Dithmenos.
   952 | D:2      | HP: 1/29 [gnoll/+0 club (3)]
  1094 | D:2      | Reached XP level 4. HP: 35/35 MP: 4/4
  1167 | D:2      | Slain by a gnoll

Illustrated notes

Levels and vault maps discovered:
D:1:      lightli_arrival_chessboard, layout_loops_cross
D:2:      cheibrodos_fertilizer, layout_basic, basic_altar
D:3:      layout_loops_cross, ebering_ecumenical_altar_hall, minmay_lizard_king,
          uniq_crazy_yiuf_cottage, uniq_grinder

Skill      XL: |  1  2  3 |
---------------+----------+-----
Armour         | 4 |  4.0
Fighting       | |  3.6
Polearms       | |  2.5
Dodging        | |  0.8
Stealth        | |  0.7
Shields        | |  4.5

Action                     |  1- 3 |  4- 6 || total
---------------------------+-------+-------++-------
  Melee: Trident           |   137 |     5 ||   142
    Use: Potion            |     1 |       ||     1
 Armour: Scale mail        |   146 |    10 ||   156
  Dodge: Dodged            |    96 |    11 ||   107
  Block: Buckler           |    52 |     4 ||    56
